 Dungeon Crawl Stone Soup version 0.29-a0-96-g93358da72b (webtiles) character file.

Game seed: 12640392706830502253

14180 enile the Fighter (level 11, -10/92 HPs)
             Began as a Demonspawn Venom Mage on Feb 12, 2022.
             Was an Elder of Trog.
             Mangled by a freezing wraith (18 damage)
             ... on level 11 of the Dungeon.
             The game lasted 00:27:28 (14607 turns).

enile the Fighter (Demonspawn Venom Mage)          Turns: 14607, Time: 00:27:29

Health: -10/92     AC: 12    Str: 12    XL:     11   Next: 85%
Magic:  0/14       EV: 13    Int: 18    God:    Trog [****..]
Gold:   628        SH:  4    Dex: 13    Spells: 13/14 levels left

rFire   . . .      SeeInvis .   U - +7 mace of Variability {chain chaos}
rCold   . . .      Faith    .   (shield currently unavailable)
rNeg    . . .      Spirit   +   P - +0 troll leather armour
rPois   .          Reflect  .   (helmet restricted)
rElec   .          Harm     .   (no cloak)
rCorr   .          Rampage  .   (no gloves)
Will    +....                   (no boots)
Stlth   ++........              X - amulet of guardian spirit
HPRegen 1.05/turn               j - ring of flight
MPRegen 0.14/turn               n - ring of willpower

@: marked, flying, slowed, very slow
A: horns 2, molten scales 2, foul stench 1, icemail 1, condensation shield
a: Renounce Religion, Berserk, Trog's Hand, Brothers in Arms


You were on level 11 of the Dungeon.
You worshipped Trog.
Trog was greatly pleased with you.
You visited 1 branch of the dungeon, and saw 11 of its levels.
You also visited: Ossuary.

You collected 628 gold pieces.

Inventory:

Hand Weapons
 q - a +0 quarterstaff
 G - a +2 trident of freezing
 T - the +6 hand crossbow of the Coward {elec, rPois Int+2}
   (You found it on level 8 of the Dungeon)

   Any ammunition fired from it occasionally discharges a powerful burst of
   electricity upon striking a foe.
   Int:       It affects your intelligence (+2).
   rPois:     It protects you from poison.
 U - the +7 mace of Variability (weapon) {chain chaos}
   (You found it on level 9 of the Dungeon)

   Each time it hits an enemy it has a different, random effect.
   It occasionally unleashes arcs of chaos on nearby creatures upon striking a
   foe.
Missiles
 J - 4 poisoned darts
Armour
 a - a +0 robe
 c - a +0 pair of gloves
 l - a +0 ring mail
 u - a +0 pair of boots
 v - a +2 robe of cold resistance
 N - +0 acid dragon scales
 P - a +0 troll leather armour (worn)
Jewellery
 j - a ring of flight (left hand)
 n - a ring of willpower (right hand)
 o - a ring of resist corrosion
 X - an amulet of guardian spirit (around neck)
Wands
 e - a wand of paralysis (2)
 s - a wand of flame (85) (quivered)
 I - a wand of charming (3)
 K - a wand of polymorph (8)
 Q - a wand of acid (3)
 Z - a wand of iceblast (4)
Scrolls
 b - a scroll of fog
 f - 2 scrolls of noise
 g - a scroll of magic mapping
 h - 5 scrolls of teleportation
 i - 3 scrolls of identify
 m - 2 scrolls of brand weapon
 x - 3 scrolls of immolation
 y - 2 scrolls of fear
 L - 2 scrolls of torment
 O - a scroll of silence {unknown}
 R - a scroll of summoning
 S - a scroll of holy word {unknown}
 W - a scroll of blinking {unknown}
 Y - a scroll of enchant weapon {unknown}
Potions
 d - 3 potions of lignification
 k - a potion of magic
 p - a potion of attraction
 t - 6 potions of curing
 w - 3 potions of flight
 z - 2 potions of brilliance {unknown}
 A - 5 potions of heal wounds
 B - a potion of cancellation {unknown}
 C - 3 potions of mutation {unknown}
 D - 3 potions of might {unknown}
 E - 2 potions of resistance {unknown}
 F - 2 potions of degeneration {unknown}
 H - 2 potions of haste {unknown}
 M - a potion of ambrosia {unknown}


   Skills:
 + Level 10.8 Fighting
 - Level 7.2(8.0) Maces & Flails
 - Level 3.7(5.0) Polearms
 - Level 4.9(7.2) Staves
 - Level 4.0 Throwing
 - Level 7.0 Armour
 - Level 5.0 Dodging
 - Level 4.0 Stealth
 - Level 2.0 Spellcasting
 - Level 0.8 Transmutations
 - Level 3.0 Poison Magic
 - Level 5.0 Evocations


You had 13 spell levels left.
You knew the following spells:

 Your Spells              Type           Power      Damage    Failure   Level
a - Sting                 Tmut/Pois      32%        1d4       10%         1

Your spell library contained the following spells:

 Spells                   Type           Power      Damage    Failure   Level
 Poisonous Vapours        Pois/Air       14%        N/A       19%         2
 Mephitic Cloud           Conj/Pois/Air  5%         N/A       41%         3
 Olgreb's Toxic Radiance  Pois           12%        N/A       54%         4


Dungeon Overview and Level Annotations

Branches:
Dungeon (11/15)            Temple (0/1) D:4            Lair (0/6) D:11
Ossuary (visited)
    Orc: D:9-12

Altars:
Dithmenos
Fedhas
Gozag
Makhleb
Sif Muna
Trog
Uskayaw
Vehumet
Xom
Zin
The Shining One

Shops:
D:3 =   D:7 (   D:8 (   D:10 *   D:11 [

Annotations:
D:9 3 runed translucent doors, DrKleor's ghost, journeyman DsFi; dracfodder's ghost, novice GrBe; enile's ghost, novice DjFE
D:11 1 exclusion


Innate Abilities, Weirdness & Mutations

You have a pair of horns on your head.
You are mostly covered in molten scales. (AC +3)
You may rarely emit foul miasma when damaged in melee.
A meltable icy envelope protects you from harm. (AC +4)
A meltable shield of frost defends you. (SH +4)


Message History

The freezing wraith is lightly damaged.
You block the freezing wraith's attack. The freezing wraith hits you.
The freezing wraith drains your vigour!
You feel yourself slow down. The freezing wraith hits you!
The freezing wraith freezes you! The freezing wraith closely misses you.
You hit the freezing wraith.
The freezing wraith is moderately damaged.
The freezing wraith barely misses you. The freezing wraith closely misses you.
Something hits you.
Deactivating autopickup; reactivate with Ctrl-A.
The freezing wraith hits you. The freezing wraith freezes you!!
The freezing wraith hits you! The freezing wraith drains your vigour!
You feel as though you will be slow longer.
Something barely misses you.
Something hits you but does no damage. x3
Something hits you. x2; Something barely misses you.
Press: ? - help, v - describe, . - travel A rock wall.
As you read the scroll of teleportation, it crumbles to dust.
You feel strangely unstable. Something hits you.
Something hits you but does no damage. x4
Something hits you. You block something's attack.
Something hits you but does no damage.
Your surroundings suddenly seem different.
There is a stone staircase leading down here.
The two-headed ogre hits you with a +0 giant club!!
The two-headed ogre hits you with a +0 giant club.
* * * LOW HITPOINT WARNING * * *
You bludgeon the two-headed ogre!! You headbutt the two-headed ogre.
The two-headed ogre is heavily wounded.
You block the two-headed ogre's attack.
The two-headed ogre hits you with a +0 giant club!
* * * LOW HITPOINT WARNING * * *
Okay, then.
As you read the scroll of fear, it crumbles to dust.
You assume a fearsome visage.
The freezing wraith is unaffected.
The two-headed ogre resists with some effort.
The freezing wraith hits you.
* * * LOW HITPOINT WARNING * * *
The freezing wraith freezes you!!
You die...

####.#####.##.##.## #########
#.......##.##.#.... #.....:.#
#..........#....... #####.#####.#
#.......#..#..#..#.
.........##.###.......#........#.
##.##.##...........)..)........#.
...##.#####.###.....>.#.##..####.
.####.#####.###W......#.##<..##..
.####.......##.O@.....).##.......
......########)###########...##.#
.###### #.# #...###. .# #######
#.# #...#... .# #.[...#
#.###########...#.## ##
#.....####....##......(...... .#
#........#................... .#
#.....##.#....##............. .#
#.....##W#.#.#########...#.##


You could see a two-headed ogre and a freezing wraith.

Vanquished Creatures
  Harold (D:9)
  2 boulder beetles (D:11)
  3 two-headed ogres
  Nergalle (D:11)
  2 ugly things
  A cyclops (D:10)
  Maggie (D:5)
  An unseen horror (D:10)
  Prince Ribbit (D:9)
  2 trolls
  Grinder (D:3)
  2 shadows (D:11)
  Sigmund (D:5)
  2 wraiths
  3 wyverns
  15 yaks
  3 chaos spawn (D:9)
  A steam dragon (D:6)
  2 acid dragons (D:7)
  3 water moccasins
  A sky beast (D:7)
  An ice beast (D:6)
  5 orc warriors
  A black bear (D:8)
  2 necrophages
  5 centaurs
  Blork the orc (D:4)
  A phantom (D:5)
  2 bullfrogs
  2 scorpions (D:5)
  A gnoll sergeant (D:5)
  5 wights (D:9)
  3 howler monkeys
  A centaur zombie (D:5)
  A bullfrog zombie (D:7)
  3 orc priests
  A centaur skeleton (D:6)
  2 hounds
  7 iguanas
  8 orc wizards
  A hound skeleton (D:4)
  13 mummies (Ossuary)
  14 gnolls
  5 adders
  A white imp (D:8)
  2 ufetubi
  3 worms
  A dart slug (D:2)
  28 orcs
  4 bats
  4 endoplasms
  A giant cockroach (D:2)
  7 goblins
  5 hobgoblins
  2 jackals (D:4)
  3 kobolds
  3 quokkas
  A ball python (D:2)
  2 frilled lizards
  2 gnoll skeletons (Ossuary)
  2 goblin skeletons (Ossuary)
  A kobold skeleton (Ossuary)
  3 orc skeletons (Ossuary)
  2 rats
  11 rat skeletons (Ossuary)
222 creatures vanquished.

Vanquished Creatures (others)
  A wraith (D:10)
1 creature vanquished.

Grand Total: 223 creatures vanquished

Notes
Turn   | Place    | Note
-------+----------+-------------------------------------------
     0 | D:1      | enile the Demonspawn Venom Mage began the quest for the
                  | Orb.
     0 | D:1      | Reached XP level 1. HP: 13/13 MP: 3/3
   269 | D:1      | Reached skill level 1 in Fighting
   733 | D:1      | Gained mutation: You have a pair of small horns on your
                  | head. [demonic ancestry]
   733 | D:1      | Reached XP level 2. HP: 22/22 MP: 1/5
  1025 | D:2      | Reached skill level 2 in Fighting
  1125 | D:2      | Gained mutation: A meltable shield of frost defends you.
                  | (SH +4) [demonic ancestry]
  1125 | D:2      | Reached XP level 3. HP: 3/28 MP: 0/6
  1378 | D:2      | Reached skill level 3 in Fighting
  1510 | D:2      | Reached skill level 1 in Maces & Flails
  1857 | D:2      | Found a faded altar of an unknown god.
  1889 | D:2      | Prayed at the altar of an unknown god.
  1889 | D:2      | Became a worshipper of Trog the Wrathful
  1889 | D:2      | Reached * piety under Trog
  2035 | D:2      | Gained mutation: You are partially covered in molten
                  | scales. (AC +2) [demonic ancestry]
  2035 | D:2      | Reached XP level 4. HP: 22/35 MP: 7/7
  2226 | D:2      | Reached skill level 1 in Armour
  2738 | D:3      | Noticed a necrophage
  2757 | D:3      | Killed a necrophage
  2758 | D:3      | Reached skill level 4 in Fighting
  2758 | D:3      | Reached XP level 5. HP: 23/42 MP: 8/8
  3760 | D:3      | Reached ** piety under Trog
  3965 | D:3      | Noticed Grinder
  3978 | D:3      | Killed Grinder
  3979 | D:3      | Reached skill level 5 in Fighting
  3979 | D:3      | Gained mutation: You are mostly covered in molten scales.
                  | (AC +3) [demonic ancestry]
  3979 | D:3      | Reached XP level 6. HP: 34/51 MP: 9/9
  4209 | D:3      | Found a shimmering blue altar of Sif Muna.
  4501 | D:3      | Found Lumnood's Jewellery Emporium.
  4715 | D:4      | Gained mutation: You may rarely emit foul miasma when
                  | damaged in melee. [demonic ancestry]
  4715 | D:4      | Reached XP level 7. HP: 39/56 MP: 10/10
  4982 | D:4      | Reached skill level 1 in Staves
  5266 | D:4      | Reached skill level 1 in Throwing
  5447 | D:4      | Found a hide-covered altar of Uskayaw.
  5720 | D:4      | Noticed Blork the orc
  5750 | D:4      | Killed Blork the orc
  5751 | D:4      | Reached skill level 1 in Evocations
  5940 | D:4      | Found a staircase to the Ecumenical Temple.
  5984 | D:5      | Entered Level 5 of the Dungeon
  6003 | D:5      | Found a sand-covered staircase.
  6013 | Ossuary  | Entered an ossuary
  6375 | Ossuary  | Reached *** piety under Trog
  6807 | D:5      | Gained mutation: A meltable icy envelope protects you from
                  | harm. (AC +4) [demonic ancestry]
  6807 | D:5      | Reached XP level 8. HP: 59/62 MP: 11/11
  6823 | D:5      | Reached skill level 5 in Armour
  7102 | D:5      | Found a radiant altar of Vehumet.
  7102 | D:5      | Found an opulent altar of Gozag.
  7102 | D:5      | Found a blossoming altar of Fedhas.
  7134 | D:5      | Noticed Sigmund
  7146 | D:5      | Killed Sigmund
  7801 | D:6      | Noticed Maggie
  8066 | D:5      | Killed Maggie
  8067 | D:5      | Reached skill level 6 in Fighting
  8265 | D:6      | Reached XP level 9. HP: 28/69 MP: 12/12
  9392 | D:7      | Noticed a green ugly thing
  9402 | D:7      | You are sucked into a shaft and drop 1 floor!
  9841 | D:7      | Reached **** piety under Trog
 10101 | D:7      | Noticed a troll
 10426 | D:7      | Killed a green ugly thing
 10427 | D:7      | Reached skill level 7 in Fighting
 10695 | D:7      | Found Poacsown's Weapon Shoppe.
 10924 | D:7      | Gained mutation: You have a pair of horns on your head.
                  | [demonic ancestry]
 10924 | D:7      | Reached XP level 10. HP: 78/79 MP: 13/13
 10932 | D:7      | Found a burning altar of Makhleb.
 11371 | D:8      | Noticed a two-headed ogre
 11450 | D:8      | Identified the +6 hand crossbow of the Coward {elec, rPois
                  | Int+2}
 11478 | D:8      | Killed a two-headed ogre
 11548 | D:8      | Reached skill level 5 in Evocations
 11580 | D:8      | Reached skill level 5 in Dodging
 11690 | D:8      | Found a shadowy altar of Dithmenos.
 11832 | D:8      | Found Jyrur's Antique Weapon Shop.
 12135 | D:9      | Found a shimmering altar of Xom.
 12137 | D:9      | Found the +7 mace of Variability {chain chaos}
 12322 | D:9      | Found a runed translucent gate.
 12322 | D:9      | Found a runed translucent gate.
 12322 | D:9      | Found a runed translucent gate.
 12322 | D:9      | Noticed DrKleor's ghost (journeyman DsFi)
 12326 | D:9      | Reached skill level 8 in Fighting
 12333 | D:9      | Noticed enile's ghost (novice DjFE)
 12333 | D:9      | Noticed dracfodder's ghost (novice GrBe)
 12338 | D:9      | Noticed Harold
 12347 | D:9      | Killed Harold
 12660 | D:9      | Noticed Prince Ribbit
 12670 | D:9      | Killed Prince Ribbit
 12824 | D:10     | Entered Level 10 of the Dungeon
 12824 | D:10     | Noticed a cyclops
 12830 | D:10     | Killed a cyclops
 12831 | D:10     | Reached XP level 11. HP: 86/86 MP: 14/14
 12838 | D:10     | Reached skill level 5 in Maces & Flails
 13099 | D:10     | Reached skill level 9 in Fighting
 13155 | D:10     | Found Namaised's Island Escapes.
 13681 | D:11     | Found Opeotugg's Antique Armour Shoppe.
 13689 | D:11     | Noticed a white ugly thing
 13702 | D:11     | Killed a white ugly thing
 13803 | D:11     | Noticed a two-headed ogre
 13819 | D:11     | Killed a two-headed ogre
 13915 | D:11     | Found a staircase to the Lair.
 13920 | D:11     | Noticed a boulder beetle
 13932 | D:11     | Killed a boulder beetle
 14074 | D:11     | Noticed Nergalle
 14083 | D:11     | Killed Nergalle
 14155 | D:11     | Noticed a two-headed ogre
 14161 | D:11     | Killed a two-headed ogre
 14162 | D:11     | Reached skill level 10 in Fighting
 14325 | D:11     | Noticed a boulder beetle
 14346 | D:11     | Killed a boulder beetle
 14590 | D:11     | Noticed a two-headed ogre
 14607 | D:11     | Mangled by a freezing wraith

Illustrated notes

Levels and vault maps discovered:
D:1:      kennysheep_arrival_seaside, layout_basic, nicolae_figureground_sparkle
D:2:      layout_loops_ring, shapermc_ecumenical_altar_totnotflames,
          minmay_heptomino_d4
D:3:      layout_basic, led_sif_book, serial_shops, nicolae_square_shop,
          uniq_grinder
D:4:      layout_basic, kennysheep_mini, minmay_temple_entry_enclosed_plants,
          hex_tiny, hangedman_abyss_or_decor_jellyfish_corner,
          uniq_blork_the_orc
D:5:      layout_basic, mainiacjoe_overflow_chevrons,
          gammafunk_temple_overflow_forgotten, nicolae_ossuary_entry_monument,
          uniq_sigmund
D:6:      layout_loops_cross, feat_on_display, uniq_maggie
D:7:      layout_loops_ring, makhleb_heckhound_becter, serial_shops, shop,
          chequers_serial_rivers_marsh, kb_rosetta
D:8:      layout_gridville, lemuel_round_altar, tso_altar, serial_shops,
          nicolae_take_the_stairs
D:9:      layout_roguey, gammafunk_ghost_cemetery,
          minmay_guarded_unrand_variability, uniq_harold, uniq_prince_ribbit1
D:10:     layout_layer_cave, nicolae_island_escapes
D:11:     minmay_chambers_of_sixes, layout_loops_cross, lair_entry_dummy,
          serial_shops, nicolae_stop_n_shop_2, uniq_nergalle

Skill      XL: |  1  2  3  4  5  6  7  8  9 10 11 |
---------------+----------------------------------+-----
Fighting       | 1 2 3 4 5 6 7 8 10 | 10.8
Maces & Flails | 1 4 7 |  7.2
Dodging        | 2 3 5 |  5.0
Armour         | 2 3 4 5 6 7 |  7.0
Staves         | 3 4 |  4.9
Throwing       | 2 3 4 |  4.0
Evocations     | 2 3 5 |  5.0
Polearms       | 2 3 |  3.7
Stealth        | 3 4 |  4.0
Spellcasting   | |  2.0
Transmutations | |  0.8
Poison Magic   | |  3.0

Action                   |  1- 3 |  4- 6 |  7- 9 | 10-12 || total
-------------------------+-------+-------+-------+-------++-------
Melee: Flail             |    30 |   123 |       |       ||   153
       Unarmed           |     3 |       |       |       ||     3
       Headbutt          |     6 |    23 |   106 |    64 ||   199
       Punch             |     2 |     1 |     2 |     2 ||     7
       Quarterstaff      |       |    17 |   283 |       ||   300
       Trident           |       |       |   194 |    95 ||   289
       Great mace        |       |       |       |   158 ||   158
Throw: Throwing net      |       |       |     6 |     3 ||     9
       Dart              |       |       |       |    11 ||    11
 Cast: Sting             |    23 |       |       |       ||    23
Invok: Berserk           |       |     1 |     5 |     4 ||    10
       Trog's Hand       |       |       |     1 |     1 ||     2
Evoke: Wand              |       |       |     7 |    20 ||    27
  Use: Scroll            |       |       |    16 |     2 ||    18
 Stab: Sleeping          |     2 |       |     2 |     4 ||     8
       Held in net/web   |       |       |     4 |     1 ||     5
       Distracted        |       |       |     1 |     1 ||     2
Armor: Robe              |     8 |       |       |       ||     8
       Ring mail         |       |    63 |   154 |       ||   217
       Acid dragon scale |       |       |     3 |     2 ||     5
       Troll leather arm |       |       |       |    89 ||    89
Dodge: Dodged            |    23 |    58 |   202 |   175 ||   458
Block: Other             |     5 |    32 |    60 |    49 ||   146

Table legend: (Time is in decaauts)
 A = Elapsed time spent in this place.
 B = Non-inter-level travel time spent in this place.
 C = Inter-level travel time spent in this place.
 D = Time resting spent in this place.
 E = Time spent auto-exploring this place.
 F = Levels seen in this place.
 G = Mean time per level.
                   A        B        C        D        E       F      G
               +--------+--------+--------+--------+--------+-----+--------+
         Total |  14924 |  14606 |    318 |   1215 |  10721 |  12 | 1243.7 |
       Dungeon |  14181 |  13863 |    318 |   1215 |  10158 |  11 | 1289.2 |
       Ossuary |    742 |    742 |      0 |      0 |    563 |   1 |  742.0 |
               +--------+--------+--------+--------+--------+-----+--------+

Top non-repeatable levels by time:
     D:2: 2117 daAuts
     D:3: 1732 daAuts
     D:7: 1642 daAuts
     D:4: 1420 daAuts
     D:5: 1344 daAuts
     D:8: 1209 daAuts
     D:6: 1197 daAuts
    D:11: 968 daAuts
     D:1: 917 daAuts
     D:9: 859 daAuts
    D:10: 772 daAuts
 Ossuary: 742 daAuts
